 Dungeon Crawl Stone Soup version 0.26.1-2-gb8aa6d0cf2 (webtiles) character file.

Game seed: 17255399008273699265

81 Martska the Chucker (level 4, 0/48 HPs)
             Began as an Ogre Hunter on Mar 11, 2021.
             Succumbed to an adder's poison
             ... on level 2 of the Dungeon.
             The game lasted 00:02:08 (1685 turns).

Martska the Chucker (Ogre Hunter)                   Turns: 1685, Time: 00:02:09

Health: 0/48       AC:  3    Str: 17    XL:     4   Next: 40%
Magic:  4/4        EV: 10    Int: 12    God:
Gold:   94         SH:  0    Dex:  9    Spells: 3/3 levels left

rFire    . . .     SeeInvis .   c - +2 flail (protect)
rCold    . . .     Faith    .   (no shield)
rNeg     . . .     Spirit   .   b - +0 robe
rPois    .         Reflect  .   (helmet restricted)
rElec    .         Harm     .   (no cloak)
rCorr    .         Rampage  .   (gloves unavailable)
Will     .....                  (boots unavailable)
Stlth    +.........             (no amulet)
HPRegen  0.16/turn              (no ring)
MPRegen  0.09/turn              (no ring)

@: brilliant, lethally poisoned (0 -> -12), attractive
A: large, unfitting armour, tough skin 1
a: no special abilities


You were on level 2 of the Dungeon.
You visited 1 branch of the dungeon, and saw 3 of its levels.

You collected 94 gold pieces.

Inventory:

Hand Weapons
 a - a +0 short sword
 c - a +2 flail of protection (weapon)
 f - a +1 dagger of protection
 i - a +0 club
 l - a +0 mace
Missiles
 d - 2 throwing nets
 o - 4 large rocks (quivered)
Armour
 b - a +0 robe (worn)
Scrolls
 g - 2 scrolls of identify {unknown}
 h - 2 scrolls of remove curse {unknown}
 k - a scroll of teleportation {unknown}
 m - 2 scrolls of immolation {unknown}
Potions
 n - a potion of attraction


   Skills:
 * Level 3.8 Fighting
 * Level 1.3 Maces & Flails
 * Level 4.5 Throwing
 * Level 2.5 Dodging
 - Level 0.6 Stealth


You had 3 spell levels left.
You didn't know any spells.
Your spell library was empty.

Dungeon Overview and Level Annotations

Branches:
Dungeon (3/15)

Altars:
Xom

Annotations:
D:3 Sigmund


Innate Abilities, Weirdness & Mutations

You are too large for most types of armour.
You have tough skin. (AC +1)


Message History

* * * LOW HITPOINT WARNING * * *
You feel sick.
There is a stone staircase leading down here.
It was a potion of attraction.
You feel attractive to monsters.
* * * LOW HITPOINT WARNING * * *
You feel sick. The adder bites you.
* * * LOW HITPOINT WARNING * * *
The goblin barely misses you.
It was a potion of brilliance.
You feel clever all of a sudden.
* * * LOW HITPOINT WARNING * * *
You feel sick. The adder barely misses you. The frilled lizard bites you.
* * * LOW HITPOINT WARNING * * *
The goblin misses you. The adder bites you.
* * * LOW HITPOINT WARNING * * *
You are more poisoned.
The adder poisons you!
It was a potion of magic.
Magic courses through your body.
You die...

### ..##### ########
......# #####......##.
....^.. .............
....... ##..........#
.....# ### #..lS.).....#
....## ..# #((@gl......#
..#.# #.# ###(###.<......
.##.## #.###._.^≈##.......
......##.##†#≈..≈≈##......
.##......#.†...≈^≈.#......
.##.##...⌠#.^._._≈≈⌠......
..#.###..#...†.#≈#≈#......
.....##..##≈≈.≈♣..## .....
..........##♣.#≈.##


You could see an adder, a goblin and 2 frilled lizards.

Vanquished Creatures
  3 adders (D:2)
  An ooze (D:1)
  A worm (D:2)
  3 dart slugs (D:1)
  3 orcs (D:2)
  2 hobgoblins (D:1)
  2 jackals (D:1)
  A quokka (D:1)
  5 bats
  2 frilled lizards (D:1)
  7 goblins
  5 kobolds
  4 rats
39 creatures vanquished.

Notes
Turn   | Place    | Note
-------+----------+-------------------------------------------
     0 | D:1      | Martska the Ogre Hunter began the quest for the Orb.
     0 | D:1      | Reached XP level 1. HP: 22/22 MP: 1/1
   300 | D:1      | Reached XP level 2. HP: 26/31 MP: 2/2
   816 | D:1      | Reached XP level 3. HP: 36/37 MP: 3/3
  1262 | D:2      | Reached skill level 1 in Maces & Flails
  1407 | D:2      | Reached XP level 4. HP: 29/46 MP: 4/4
  1543 | D:2      | Found a shimmering altar of Xom.
  1543 | D:2      | Found a shimmering altar of Xom.
  1544 | D:2      | Found a shimmering altar of Xom.
  1680 | D:3      | Noticed Sigmund
  1684 | D:2      | HP: 1/48 [adder (3)]
  1685 | D:2      | Succumbed to an adder's poison

Illustrated notes

Levels and vault maps discovered:
D:1:      amcnicky_arrival_gap_in_the_tavern_cellar, layout_basic
D:2:      layout_rooms, kennysheep_ying_yang, xom_redecorated
D:3:      layout_loops_ring, nicolae_overflow_hidden_temple,
          chequers_ecumenical_altar_simple_redux, serial_bayou,
          serial_bayou_shore_b, serial_bayou_crossing, serial_bayou_pond_a,
          serial_bayou_pond_b, uniq_sigmund, uniq_jessica

Skill      XL: |  1  2  3 |
---------------+----------+-----
Fighting       | 3 |  3.8
Dodging        | 2 |  2.5
Maces & Flails | 1 |  1.3
Throwing       | |  4.5
Stealth        | |  0.6

Action                   |  1- 3 |  4- 6 || total
-------------------------+-------+-------++-------
Melee: Dagger            |   153 |     7 ||   160
       Flail             |       |    20 ||    20
Throw: Large rock        |     5 |       ||     5
  Use: Potion            |       |     3 ||     3
 Stab: Sleeping          |     2 |       ||     2
Armor: Robe              |    81 |    21 ||   102
Dodge: Dodged            |   109 |    30 ||   139
